 Dungeon Crawl Stone Soup version 0.31.0-9-g3a7656b989 (webtiles) character file.

Game seed: 7965163112155053650

112 qw the Ducker (level 4, -3/22 HPs)
             Began as a Spriggan Hunter on Feb 2, 2024.
             Incinerated by a bombardier beetle (6 damage)
             ... with a burning spray
             ... on level 3 of the Dungeon.
             The game lasted 00:00:06 (2323 turns).

qw the Ducker (Spriggan Hunter)                     Turns: 2323, Time: 00:00:07

Health: -3/22      AC:  2    Str:  7    XL:     4   Next: 63%
Magic:  5/5        EV: 20    Int: 10    God:
Gold:   173        SH:  0    Dex: 20    Spells: 3/3 levels left

rFire   . . .        a - +0 shortbow
rCold   . . .        (shield currently unavailable)
rNeg    . . .        c - +0 robe
rPois   .            (helmet restricted)
rElec   .            (no cloak)
rCorr   .            (gloves unavailable)
SInv    +            (boots unavailable)
Will    .....        (no amulet)
Stlth   +            (no ring)
HPRegen 0.23/turn    (no ring)
MPRegen 0.09/turn

%: no passive effects
@: on fire, glowing, very quick
A: very small, no large weapons, unfitting armour, see invisible, speed 3
a: no special abilities


You were on level 3 of the Dungeon.
You visited 1 branch of the dungeon, and saw 3 of its levels.

You collected 173 gold pieces.


Innate Abilities, Weirdness & Mutations

You are very small and have problems with some larger weapons.
You are too small for most types of armour.
You have supernaturally acute eyesight. (SInv)
You cover ground extremely quickly. (Speed+++)


   Skills:
 + Level 1.5 Fighting
 - Level 5.0 Ranged Weapons
 - Level 5.2 Dodging
 - Level 1.5 Stealth


You had 3 spell levels left.
You didn't know any spells.
Your spell library was empty.

Inventory:

Hand Weapons
 a - a +0 shortbow (weapon)
Armour
 c - a +0 robe (worn)
Scrolls
 b - a scroll of blinking {unknown}
 e - a scroll of poison {unknown}
Potions
 d - a potion of haste
 h - 2 potions of curing
 i - a potion of magic {unknown}

Dungeon Overview and Level Annotations

Branches:
Dungeon (3/15)

Altars:
Ashenzari
Trog

Shops:
D:2 =


Message History

You kill the kobold!
A bombardier beetle comes into view.
You shoot an arrow. The arrow hits the bombardier beetle!
The bombardier beetle is moderately wounded.
You shoot an arrow. The arrow hits the bombardier beetle!
The bombardier beetle is severely wounded.
You shoot an arrow.
The arrow hits the bombardier beetle but does no damage.
The bombardier beetle is severely wounded.
You shoot an arrow. The arrow hits the bombardier beetle.
The bombardier beetle is almost dead.
You shoot an arrow.
The arrow hits the bombardier beetle but does no damage.
The bombardier beetle is almost dead.
You shoot an arrow.
The arrow barely misses the bombardier beetle.
You shoot an arrow.
The arrow hits the bombardier beetle but does no damage.
The bombardier beetle is almost dead.
You shoot an arrow.
The arrow barely misses the bombardier beetle.
The bombardier beetle sprays incendiary fluid at you.
The burning spray hits you.
You are covered in liquid fire!
You shoot an arrow.
The arrow closely misses the bombardier beetle.
The liquid fire burns you!
You shoot an arrow. The arrow hits the bombardier beetle.
You kill the bombardier beetle!
The liquid fire burns you!
Your Dodging skill increases to level 5!
You are on fire!
The liquid fire burns you!
You are on fire!
The liquid fire burns you!
You are on fire!
The liquid fire burns you!
You are on fire!
The liquid fire burns you!
You die...

####....)...###.##.......# #.#
>.(%...####.#......:....#######.#
.........##.#.#.#######.# #.....#
.........##.#.#...# ##.###.#####
.........##.#.#.#.# #..#...#
.......####..(....# #.##.###
...^...# #<......# #.##.#
...#.#######......# #....# ...#.#
#........@.# ###### ...#.#
#.########.# ...#.###.# .#
...#.....# .# . ####### .# .# .#
.#


There were no monsters in sight!

Vanquished Creatures
  A bombardier beetle (D:3)
  2 dart slugs
  An orc (D:3)
  3 bats (D:1)
  6 endoplasms
  2 giant cockroaches (D:3)
  7 hobgoblins
  8 jackals
  4 quokkas (D:2)
  13 ball pythons
  5 frilled lizards
  2 goblins (D:1)
  5 kobolds
  6 rats
65 creatures vanquished.

Notes
Turn   | Place    | Note
-------+----------+-------------------------------------------
     0 | D:1      | qw the Spriggan Hunter began the quest for the Orb.
     0 | D:1      | Reached XP level 1. HP: 10/10 MP: 2/2
     0 | D:1      | 0 ||| qw: Version: 0.3-a-155-g5e7d8dd
     0 | D:1      | 0 ||| qw: Game counter: 159
     0 | D:1      | 0 ||| qw: Melee chars always use a shield: true
     0 | D:1      | 0 ||| qw: God list: Okawaru
     0 | D:1      | 0 ||| qw: Allow faded altars: false
     0 | D:1      | 0 ||| qw: Do Orc after clearing Dungeon:15 true
     0 | D:1      | 0 ||| qw: Do second Lair branch before Depths: true
     0 | D:1      | 0 ||| qw: Lair rune preference: random
     0 | D:1      | 0 ||| qw: Goals: Normal
     0 | D:1      | 0 ||| PLANNING D:1-11
    21 | D:1      | Reached skill level 3 in Dodging
   129 | D:1      | Reached XP level 2. HP: 14/14 MP: 3/3
   393 | D:1      | Reached XP level 3. HP: 18/18 MP: 4/4
   762 | D:1      | 762 ||| DROPPING scroll of butterflies.
   995 | D:2      | Found Veaminur's Jewellery Shop.
  1003 | D:2      | 1003 ||| SHOPLISTING +6 ring of dexterity (396 gold, have
                  | 33).
  1003 | D:2      | 1003 ||| SHOPLISTING +6 ring of strength (396 gold, have
                  | 33).
  1003 | D:2      | 1003 ||| SHOPLISTING amulet of reflection (330 gold, have
                  | 33).
  1003 | D:2      | 1003 ||| SHOPLISTING ring of poison resistance (220 gold,
                  | have 33).
  1003 | D:2      | 1003 ||| SHOPLISTING ring of positive energy (220 gold,
                  | have 33).
  1003 | D:2      | 1003 ||| SHOPLISTING ring of protection from cold (275
                  | gold, have 33).
  1122 | D:2      | Found a faded altar of an unknown god.
  1199 | D:2      | Identified the +4 long sword of Unpleasantness {flame,
                  | ^Fragile Int+5}
  1681 | D:2      | 1681 ||| READING scroll labelled MUEFYE ALAVE.
  1682 | D:2      | 1682 ||| READING scroll labelled YTHERH QAZUNUR.
  1682 | D:2      | 1682 ||| IDENTIFYING lumpy black potion
  1683 | D:2      | 1683 ||| READING scroll labelled BEIQIDE QEBONALOADD.
  1688 | D:2      | 1688 ||| READING scroll labelled FORUAQ HILAL.
  1689 | D:2      | 1689 ||| DRINKING 3 orange potions.
  1808 | D:3      | Reached XP level 4. HP: 12/22 MP: 5/5
  2125 | D:3      | Found a broken altar of Ashenzari.
  2136 | D:3      | Found a bloodstained altar of Trog.
  2321 | D:3      | HP: 5/22 [burnt (4)]
  2323 | D:3      | Incinerated by a bombardier beetle

Levels and vault maps discovered:
D:1:      spicycebolla_green_bress_n_ham_2, layout_loops_ring
D:2:      layout_basic, serial_shops, shop,
          ebering_ecumenical_altar_sacrificial, minmay_heptomino_l4
D:3:      layout_basic, jmf_multi_god_temple2

Skill      XL: |  1  2  3  4 |
---------------+-------------+-----
Dodging        | 3 4 5 |  5.2
Ranged Weapons | 5 |  5.0
Fighting       | |  1.5
Stealth        | |  1.5

Action                     |  1- 3 |  4- 6 || total
---------------------------+-------+-------++-------
   Fire: Shortbow          |   150 |    31 ||   181
    Use: Scroll            |     4 |       ||     4
         Potion            |     1 |       ||     1
 Armour: Robe              |    25 |     1 ||    26
  Dodge: Dodged            |    61 |     2 ||    63

Table legend:
 A = Non-vault XP
 B = Vault XP
 C = Vault XP percentage of total XP
 D = Non-vault monster count
 E = Vault monster count
 F = Vault count percentage of total count
                 A         B        C        D         E       F
            +---------+---------+-------+---------+---------+-------
      Total |     154 |       6 |   3.8 |      61 |       4 |   6.2
            +---------+---------+-------+---------+---------+-------
        D:1 |      51 |       0 |   0.0 |      30 |       0 |   0.0
        D:2 |      28 |       3 |   9.7 |      16 |       2 |  11.1
        D:3 |      75 |       3 |   3.8 |      15 |       2 |  11.8
            +---------+---------+-------+---------+---------+-------
